DBL
NEW YORK METS @ MONTREAL EXPOS
06/13/1997
 
TOP OF THE 1ST
New York Mets batting - Pitching for Montreal Expos : LHP Mark Guthrie
Pitching: LHP Mark Guthrie
Batting: LHB Cliff Floyd 0-0: Foul Ball, location: 2F
0-1: Bunted foul
0-2: Ball
1-2: Ball
2-2: Foul Ball, location: 2F
2-2: Strikes out swinging
Batting: RHB Magglio Ordonez 0-0: Ground out 6-3 (Groundball, 6, EV 102.5 MPH)
Batting: RHB Gary Sheffield 0-0: Ball
1-0: Swinging Strike
1-1: Ball
2-1: Foul Ball, location: 2F
2-2: Ground out 5-3 (Groundball, 5, EV 107.5 MPH)
Top of the 1st over - 0 runs, 0 hits, 0 errors, 0 left on base; New York 0 - Montreal 0
BOTTOM OF THE 1ST
Montreal Expos batting - Pitching for New York Mets : RHP Jason Isringhausen
Pitching: RHP Jason Isringhausen
Batting: SHB Ricky Otero 0-0: Called Strike
0-1: Ball
1-1: Ball
2-1: Foul Ball, location: 2F
2-2: Ball
3-2: Foul Ball, location: 2F
3-2: Ground out 4-3 (Groundball, 34, EV 104.4 MPH)
Batting: SHB Gregg Jefferies 0-0: Fly out, F7 (Flyball, 7LS, EV 91.3 MPH)
Batting: RHB Matt Williams 0-0: Ball
1-0: Called Strike
1-1: Foul Ball, location: 2F
1-2: Foul Ball, location: 2F
1-2: Foul Ball, location: 2F
1-2: Strikes out swinging
Bottom of the 1st over - 0 runs, 0 hits, 0 errors, 0 left on base; New York 0 - Montreal 0
TOP OF THE 2ND
New York Mets batting - Pitching for Montreal Expos : LHP Mark Guthrie
Batting: RHB Sammy Sosa 0-0: Called Strike
0-1: Called Strike
0-2: Ball
1-2: Foul Ball, location: 2F
1-2: Foul Ball, location: 2F
1-2: Foul Ball, location: 2F
1-2: Foul Ball, location: 2F
1-2: Foul Ball, location: 2F
1-2: Strikes out swinging
Batting: RHB Phil Nevin 0-0: Ball
1-0: Foul Ball, location: 2F
1-1: Hit by Pitch
Batting: RHB Greg Colbrunn 0-0: Foul Ball, location: 2F
0-1: Called Strike
0-2: Ball
1-2: Ball
2-2: Ball
3-2: SINGLE (Groundball, 6MD, EV 106.9 MPH)
Phil Nevin to second
Runner from 2nd tries for 3rd, OUT! 8-5
Batting: RHB Bret Boone 0-0: Ball
1-0: Fly out, F9 (Flyball, 9S, EV 89.4 MPH)
Top of the 2nd over - 0 runs, 1 hit, 0 errors, 1 left on base; New York 0 - Montreal 0
BOTTOM OF THE 2ND
Montreal Expos batting - Pitching for New York Mets : RHP Jason Isringhausen
Batting: RHB Raul Mondesi 0-0: Foul Ball, location: 2F
0-1: Ground out 5-3 (Groundball, 56, EV 90.6 MPH)
Batting: LHB Hal Morris 0-0: Called Strike
0-1: Fly out, F8 (Flyball, 8RS, EV 85.6 MPH)
Batting: RHB Jeff Kent 0-0: Foul Ball, location: 2F
0-1: Called Strike
0-2: SOLO HOME RUN (Flyball, 78XD, EV 91.9 MPH), Distance : 406 ft
Batting: RHB Mike Sweeney 0-0: Called Strike
0-1: Ball
1-1: Swinging Strike
1-2: Ground out 6-3 (Groundball, 6, EV 91.3 MPH)
Bottom of the 2nd over - 1 run, 1 hit, 0 errors, 0 left on base; New York 0 - Montreal 1
TOP OF THE 3RD
New York Mets batting - Pitching for Montreal Expos : LHP Mark Guthrie
Batting: RHB Olmedo Saenz 0-0: Ground out 4-3 (Groundball, 4M, EV 79.4 MPH)
Batting: LHB B.J. Surhoff 0-0: Called Strike
0-1: Foul Ball, location: 2F
0-2: Strikes out looking
Batting: LHB Cliff Floyd 0-0: Fly out, F8 (Flyball, 78M, EV 93.1 MPH)
Top of the 3rd over - 0 runs, 0 hits, 0 errors, 0 left on base; New York 0 - Montreal 1
BOTTOM OF THE 3RD
Montreal Expos batting - Pitching for New York Mets : RHP Jason Isringhausen
Batting: RHB Leo Gomez 0-0: Ball
1-0: Ball
2-0: Ball
3-0: Called Strike
3-1: Called Strike
3-2: Foul Ball, location: 2F
3-2: Ground out 4-3 (Groundball, 4, EV 94.4 MPH)
Batting: RHB Jose Hernandez 0-0: Ball
1-0: Swinging Strike
1-1: Called Strike
1-2: Ball
2-2: Strikes out looking
Batting: SHB Ricky Otero 0-0: Called Strike
0-1: Ball
1-1: Foul Ball, location: 2F
1-2: Ground out 4-3 (Groundball, 34, EV 107.5 MPH)
Bottom of the 3rd over - 0 runs, 0 hits, 0 errors, 0 left on base; New York 0 - Montreal 1
TOP OF THE 4TH
New York Mets batting - Pitching for Montreal Expos : LHP Mark Guthrie
Batting: RHB Magglio Ordonez 0-0: Called Strike
0-1: Fly out, F9 (Flyball, 9LM, EV 95.6 MPH)
Batting: RHB Gary Sheffield 0-0: Ball
1-0: Ball
2-0: Foul Ball, location: 2F
2-1: Ball
3-1: Ground out 4-3 (Groundball, 4S, EV 88.8 MPH)
Batting: RHB Sammy Sosa 0-0: SINGLE (Groundball, 34, EV 95.0 MPH)
Batting: RHB Phil Nevin 0-0: Called Strike
0-1: Called Strike
0-2: Ball
1-2: Ball
2-2: Strikes out looking
Top of the 4th over - 0 runs, 1 hit, 0 errors, 1 left on base; New York 0 - Montreal 1
BOTTOM OF THE 4TH
Montreal Expos batting - Pitching for New York Mets : RHP Jason Isringhausen
Batting: SHB Gregg Jefferies 0-0: Ball
1-0: Ball
2-0: Called Strike
2-1: Ball
3-1: Base on Balls
Batting: RHB Matt Williams 0-0: Called Strike
0-1: Ball
1-1: Bunt - Flyout to 15! F1
Batting: RHB Raul Mondesi 0-0: Ball
1-0: Called Strike
1-1: Swinging Strike
1-2: Ball
2-2: Ball
3-2: Base on Balls
Gregg Jefferies to second
Batting: LHB Hal Morris 0-0: Ball
1-0: Ball
2-0: Called Strike
2-1: Called Strike
2-2: Ball
3-2: Base on Balls
Gregg Jefferies to third
Raul Mondesi to second
Batting: RHB Jeff Kent 0-0: Ball
1-0: Ball
2-0: Fly out, F7 (Flyball, 8LS, EV 87.5 MPH)
Runner from 3rd tags up, OUT at HOME! 7-2
Bottom of the 4th over - 0 runs, 0 hits, 0 errors, 2 left on base; New York 0 - Montreal 1
TOP OF THE 5TH
New York Mets batting - Pitching for Montreal Expos : LHP Mark Guthrie
Batting: RHB Greg Colbrunn 0-0: Ball
1-0: Ball
2-0: Fly out, F3 (Line Drive, 3, EV 73.1 MPH)
Batting: RHB Bret Boone 0-0: Foul Ball, location: 2F
0-1: Ball
1-1: Called Strike
1-2: Strikes out swinging
Batting: RHB Olmedo Saenz 0-0: Ball
1-0: Ball
2-0: Called Strike
2-1: Foul Ball, location: 2F
2-2: Ball
3-2: Base on Balls
Batting: LHB B.J. Surhoff 0-0: Called Strike
0-1: Called Strike
0-2: Fly out, F6 (Popup, 6, EV 67.5 MPH)
Top of the 5th over - 0 runs, 0 hits, 0 errors, 1 left on base; New York 0 - Montreal 1
BOTTOM OF THE 5TH
Montreal Expos batting - Pitching for New York Mets : RHP Jason Isringhausen
Batting: RHB Mike Sweeney 0-0: Ball
1-0: DOUBLE (Line Drive, 9LM, EV 89.4 MPH)
Batting: RHB Leo Gomez 0-0: Bunt missed!
0-1: Bunt missed!
0-2: Strikes out looking
Batting: RHB Jose Hernandez 0-0: Ball
1-0: Called Strike
1-1: Foul Ball, location: 2F
1-2: Ball
2-2: Foul Ball, location: 2F
2-2: Ball
Wild Pitch!
Mike Sweeney to third
3-2: Foul Ball, location: 2F
3-2: Base on Balls
Batting: SHB Ricky Otero 0-0: Ball
1-0: Ball
2-0: Ball
3-0: Base on Balls
Jose Hernandez to second
Batting: SHB Gregg Jefferies 0-0: Fly out, F8 (Flyball, 78S, EV 96.3 MPH)
Batting: RHB Matt Williams 0-0: Swinging Strike
0-1: Swinging Strike
0-2: Foul Ball, location: 2F
0-2: Strikes out swinging
Bottom of the 5th over - 0 runs, 1 hit, 0 errors, 3 left on base; New York 0 - Montreal 1
TOP OF THE 6TH
New York Mets batting - Pitching for Montreal Expos : LHP Mark Guthrie
Batting: LHB Cliff Floyd 0-0: Ground out 4-3 (Groundball, 4, EV 100.0 MPH)
Batting: RHB Magglio Ordonez 0-0: Ball
1-0: SINGLE (Line Drive, 56D, EV 100.0 MPH)
Batting: RHB Gary Sheffield 0-0: Ball
1-0: Foul Ball, location: 2F
1-1: Called Strike
1-2: Ball
2-2: Fielders Choice at 2nd, 4-6 (Groundball, 4, EV 81.3 MPH)
Batting: RHB Sammy Sosa 0-0: Called Strike
0-1: Ball
1-1: Fly out, F6 (Popup, 4S, EV 74.4 MPH)
Top of the 6th over - 0 runs, 1 hit, 0 errors, 1 left on base; New York 0 - Montreal 1
BOTTOM OF THE 6TH
Montreal Expos batting - Pitching for New York Mets : RHP Jason Isringhausen
Batting: RHB Raul Mondesi 0-0: SOLO HOME RUN (Flyball, 7D, EV 99.4 MPH), Distance : 359 ft
Batting: LHB Hal Morris 0-0: Ball
1-0: Ball
2-0: Ball
3-0: Called Strike
3-1: Base on Balls
Batting: RHB Jeff Kent 0-0: Swinging Strike
0-1: Ball
1-1: Foul Ball, location: 2F
1-2: Ball
Wild Pitch!
Hal Morris to second
2-2: Foul Ball, location: 2F
2-2: SINGLE (Groundball, 6MD, EV 106.9 MPH)
Hal Morris to third
Runner from 3rd tries for Home, SAFE, throw by CF to home
Batting: RHB Mike Sweeney 0-0: Ball
1-0: Ball
2-0: Called Strike
2-1: Grounds into double play, 5-4-3 (Groundball, 56S, EV 81.3 MPH)
Batting: RHB Leo Gomez 0-0: Fly out, F8 (Line Drive, 8LM, EV 111.9 MPH)
Bottom of the 6th over - 2 runs, 2 hits, 0 errors, 0 left on base; New York 0 - Montreal 3
TOP OF THE 7TH
New York Mets batting - Pitching for Montreal Expos : LHP Mark Guthrie
Batting: RHB Phil Nevin 0-0: Ball
1-0: Called Strike
1-1: Foul Ball, location: 2F
1-2: Ball
2-2: Foul Ball, location: 2F
2-2: Ball
3-2: Base on Balls
Batting: RHB Greg Colbrunn 0-0: Ball
1-0: Ball
2-0: SINGLE (Groundball, 4MD, EV 108.1 MPH)
Phil Nevin to second
Runner from 2nd tries for 3rd, SAFE, no throw by CF
Batting: RHB Bret Boone 0-0: Swinging Strike
0-1: Called Strike
0-2: Ball
1-2: Strikes out looking
Batting: RHB Olmedo Saenz 0-0: Swinging Strike
0-1: Ball
1-1: Fly out, F2 (Popup, 23F, EV 85.0 MPH)
Batting: LHB B.J. Surhoff 0-0: SINGLE (Groundball, 6MD, EV 93.8 MPH)
Phil Nevin scores
Greg Colbrunn to second
Runner from 2nd tries for 3rd, SAFE, no throw by CF
Batting: LHB Cliff Floyd 0-0: Ball
1-0: Foul Ball, location: 2F
1-1: Swinging Strike
1-2: Strikes out swinging
Top of the 7th over - 1 run, 2 hits, 0 errors, 2 left on base; New York 1 - Montreal 3
BOTTOM OF THE 7TH
Montreal Expos batting - Pitching for New York Mets : RHP Jason Isringhausen
Batting: RHB Jose Hernandez 0-0: Ball
1-0: Ball
2-0: Ball
3-0: Base on Balls
Batting: SHB Ricky Otero 0-0: Ball
1-0: Ball
2-0: Ball
3-0: Foul Ball, location: 2F
3-1: Called Strike
3-2: Strikes out looking
Pitching: LHP Wayne Edwards
Batting: SHB Gregg Jefferies 0-0: Ball
1-0: Ball
2-0: Ball
3-0: Called Strike
3-1: Base on Balls
Jose Hernandez to second
Batting: RHB Matt Williams 0-0: Ball
1-0: Fly out, F3 (Popup, 23F, EV 81.9 MPH)
Batting: RHB Raul Mondesi 0-0: Called Strike
0-1: Ball
1-1: Ball
2-1: Swinging Strike
2-2: Ball
3-2: Strikes out swinging
Bottom of the 7th over - 0 runs, 0 hits, 0 errors, 2 left on base; New York 1 - Montreal 3
TOP OF THE 8TH
New York Mets batting - Pitching for Montreal Expos : LHP Mark Guthrie
Pitching: RHP Ed Correa
Batting: RHB Magglio Ordonez 0-0: Swinging Strike
0-1: Ball
1-1: Ball
2-1: DOUBLE (Line Drive, 78D, EV 98.8 MPH)
Batting: RHB Gary Sheffield 0-0: Ball
1-0: Ball
2-0: Ball
3-0: Base on Balls
Batting: RHB Sammy Sosa 0-0: Ball
1-0: Ball
2-0: Foul Ball, location: 2F
2-1: Ball
3-1: Base on Balls
Magglio Ordonez to third
Gary Sheffield to second
Batting: RHB Phil Nevin 0-0: Ball
1-0: Called Strike
1-1: Ball
2-1: Ball
3-1: Swinging Strike
3-2: Foul Ball, location: 2F
3-2: SINGLE (Groundball, 56D, EV 103.1 MPH)
Magglio Ordonez scores
Gary Sheffield to third
Sammy Sosa to second
Runner from 3rd tries for Home, SAFE, throw by LF to home
Batting: RHB Greg Colbrunn 0-0: SINGLE (Groundball, 6MD, EV 94.4 MPH)
Sammy Sosa to third
Phil Nevin to second
Runner from 3rd tries for Home, throw by CF and OUT! 8-2
Batting: RHB Bret Boone 0-0: Ball
1-0: Bunt missed!
1-1: Bunted foul
1-2: Foul Ball, location: 2F
1-2: Fly out, F8 (Flyball, 8LS, EV 97.5 MPH)
Batting: RHB Olmedo Saenz 0-0: Foul Ball, location: 2F
0-1: Foul Ball, location: 2F
0-2: Ball
1-2: 3-RUN HOME RUN (Flyball, 78XD, EV 87.5 MPH), Distance : 416 ft
Pitching: LHP Mike Jeffcoat
Batting: LHB B.J. Surhoff 0-0: Ball
1-0: Ground out 6-3 (Groundball, 6MS, EV 82.5 MPH)
Top of the 8th over - 5 runs, 4 hits, 0 errors, 0 left on base; New York 6 - Montreal 3
BOTTOM OF THE 8TH
Montreal Expos batting - Pitching for New York Mets : LHP Wayne Edwards
Batting: LHB Hal Morris 0-0: Ball
1-0: Ball
2-0: Ball
3-0: Base on Balls
Batting: RHB Jeff Kent 0-0: Called Strike
0-1: Foul Ball, location: 2F
0-2: Strikes out looking
Batting: RHB Mike Sweeney 0-0: Ball
1-0: Foul Ball, location: 2F
1-1: Ball
2-1: Fly out, F3 (Popup, 3F, EV 67.5 MPH)
Batting: RHB Leo Gomez 0-0: Ball
1-0: Called Strike
1-1: Fielders Choice at 2nd, 6-4 (Groundball, 6, EV 81.9 MPH)
Bottom of the 8th over - 0 runs, 0 hits, 0 errors, 1 left on base; New York 6 - Montreal 3
TOP OF THE 9TH
New York Mets batting - Pitching for Montreal Expos : LHP Mike Jeffcoat
Batting: LHB Cliff Floyd 0-0: Called Strike
0-1: Ball
1-1: Bunt missed!
1-2: Ball
2-2: Foul Ball, location: 2F
2-2: Ball
3-2: Ground out 5-3 (Groundball, 56S, EV 71.3 MPH)
Batting: RHB Magglio Ordonez 0-0: Ball
1-0: Ball
2-0: Ball
3-0: Base on Balls
Batting: RHB Gary Sheffield 0-0: Swinging Strike
0-1: Called Strike
0-2: Ball
1-2: Ground out 3-1 (Groundball, 34, EV 81.3 MPH)
Magglio Ordonez to second
Batting: RHB Sammy Sosa 0-0: Ball
1-0: Ball
2-0: Foul Ball, location: 2F
2-1: Fly out, F8 (Flyball, 8RM, EV 89.4 MPH)
Top of the 9th over - 0 runs, 0 hits, 0 errors, 1 left on base; New York 6 - Montreal 3
BOTTOM OF THE 9TH
Montreal Expos batting - Pitching for New York Mets : LHP Wayne Edwards
Batting: RHB Jose Hernandez 0-0: Called Strike
0-1: Ball
1-1: Ball
2-1: Ball
3-1: Called Strike
3-2: Foul Ball, location: 2F
3-2: Foul Ball, location: 2F
3-2: Foul Ball, location: 2F
3-2: Strikes out swinging
Batting: SHB Ricky Otero 0-0: Called Strike
0-1: Ball
1-1: Called Strike
1-2: Ball
2-2: Ball
3-2: Ground out 5-3 (Groundball, 5, EV 105.0 MPH)
Batting: SHB Gregg Jefferies 0-0: Called Strike
0-1: Ground out 6-3 (Groundball, 6, EV 108.8 MPH)
Bottom of the 9th over - 0 runs, 0 hits, 0 errors, 0 left on base; New York 6 - Montreal 3
Tuesday, February 24th, 2026 - OOTP Baseball 20.8 Build 74